 Dungeon Crawl Stone Soup version 0.27-a0-660-g90476cec82 (webtiles) character file.

Game seed: 570588592814659747

14 theanonym the Sneak (level 2, 0/24 HPs)
             Began as a Mummy Delver on Mar 17, 2021.
             Splashed by a jelly's acid (3 damage)
             ... on level 6 of the Dungeon.
             The game lasted 00:00:54 (577 turns).

theanonym the Sneak (Mummy Delver)                   Turns: 577, Time: 00:00:55

Health: 0/24       AC:  3    Str: 15    XL:     2   Next: 27%
Magic:  2/2        EV: 11    Int:  9    God:
Gold:   0          SH:  0    Dex: 13    Spells: 1/1 levels left

rFire    x . .     SeeInvis .   d - +0 flail
rCold    + . .     Faith    .   (no shield)
rNeg     + + +     Spirit   .   b - +0 leather armour
rPois    ∞         Reflect  .   (no helmet)
rElec    .         Harm     .   (no cloak)
rCorr    .         Rampage  .   (no gloves)
Will     .....                  (no boots)
Stlth    ++........             (no amulet)
HPRegen  0.08/turn              (no ring)
MPRegen  0.08/turn              (no ring)

@: no status effects
A: cold resistance 1, negative energy resistance 3, torment resistance 2,
unbreathing 1, heat vulnerability 1, no potions
a: no special abilities


Innate Abilities, Weirdness & Mutations

You are immune to poison.
Your flesh is cold resistant. (rC+)
You are immune to negative energy. (rN+++)
You are immune to unholy pain and torment.
You can survive without breathing.
You are vulnerable to heat. (rF-)
You do not drink.


   Skills:
 - Level 3.0 Fighting
 + Level 2.4 Maces & Flails
 - Level 1.5 Dodging
 - Level 4.1 Stealth


You had one spell level left.
You didn't know any spells.
Your spell library was empty.

Skill      XL: |  1 |
---------------+----+-----
Maces & Flails | 2 |  2.4
Fighting       | |  3.0
Dodging        | |  1.5
Stealth        | |  4.1

Action                   || total
-------------------------++-------
Melee: Mace              ||    24
       Flail             ||     8
Armor: Leather armour    ||    16
Dodge: Dodged            ||    27

Inventory:

Hand Weapons
 a - a +0 mace
 d - a +0 flail (weapon)
Armour
 b - a +0 leather armour (worn)
Wands
 c - a wand of digging (3)
Scrolls
 e - a scroll of fear
 f - a scroll of fog
 y - a scroll of magic mapping


You were on level 6 of the Dungeon.
You visited 1 branch of the dungeon, and saw 2 of its levels.

Dungeon Overview and Level Annotations

Branches:
Dungeon (6/15)
 Temple: D:4-7

Altars:
Hepliaklqana

... ..) .. .o
#+#.##########
............#
#.########@#
#.Z#######J#
#..o...o..Z#
#..#######.#
#... ....
..... ......
.......
.........
##.#.###
##...#.#. #.#.
###.#.#


You could see a jelly and a hound zombie.

Notes
Turn   | Place    | Note
-------+----------+-------------------------------------------
     0 | D:5      | theanonym the Mummy Delver began the quest for the Orb.
     0 | D:5      | Reached XP level 1. HP: 18/18 MP: 1/1
     2 | D:5      | Found a hazy altar of Hepliaklqana.
    32 | D:6      | beem: Unwon playable chars: 0/27x PaFE [0.00%], 0/28x PaAE
                  | [0.00%], 0/33x PaSu [0.00%], 0/49x PaVM [0.00%], 0/64x PaEn
                  | [0.00%], 0/70x PaEE [0.00%], 0/77x PaCj [0.00%], 0/93x PaAM
                  | [0.00%], 0/99x PaIE [0.00%], 0/129x PaAr [0.00%], 0/130x
                  | PaHu [0.00%], 0/171x PaBr [0.00%], 0/219x PaCK [0.00%],
                  | 0/272x BaDe [0.00%], 0/292x HaDe [0.00%], 0/322x PaNe
                  | [0.00%], 0/381x TeDe [0.00%], 0/400x PaTm [0.00%], 0/423x
    32 | D:6      | beem: OgDe [0.00%], 0/476x PaGl [0.00%], 0/505x PaWn
                  | [0.00%], 0/513x PaWz [0.00%], 0/572x GrDe [0.00%], 0/608x
                  | PaMo [0.00%], 0/690x DDAM [0.00%], 0/691x BaBr [0.00%],
                  | 0/698x MfDe [0.00%], 0/711x BaAr [0.00%], 0/720x HuDe
                  | [0.00%], 0/726x MuDe [0.00%], 0/735x DDVM [0.00%], 0/777x
                  | BaEE [0.00%], 0/778x DgDe [0.00%], 0/820x BaNe [0.00%],
                  | 0/835x DDFE [0.00%], 0/858x DDSu [0.00%], 0/870x GhDe
                  | [0.00%], 0/872x
    34 | D:5      | beem: VSDe [0.00%], 0/872x DDAE [0.00%], 0/911x PaBe
                  | [0.00%], 0/936x HaVM [0.00%], 0/950x HaSu [0.00%], 0/950x
                  | FoDe [0.00%], 0/1009x PaWr [0.00%], 0/1018x DrDe [0.00%],
                  | 0/1029x DDTm [0.00%], 0/1030x BaCj [0.00%], 0/1032x DEDe
                  | [0.00%], 0/1050x BaEn [0.00%], 0/1074x BaAM [0.00%],
                  | 0/1083x HaCj [0.00%], 0/1104x FoIE [0.00%], 0/1105x HODe
                  | [0.00%], 0/1116x HaEE [0.00%], 0/1124x DDEn [0.00%],
                  | 0/1128x DDBr
    34 | D:5      | beem: [0.00%], 0/1136x GrAM [0.00%], 0/1153x DDIE [0.00%],
                  | 0/1157x PaAK [0.00%], 0/1164x SpDe [0.00%], 0/1180x MfAM
                  | [0.00%], 0/1212x MiIE [0.00%], 0/1213x BaCK [0.00%],
                  | 0/1224x HOAM [0.00%], 0/1260x GhSu [0.00%], 0/1270x GhAM
                  | [0.00%], 0/1288x PaDe [0.00%], 0/1320x HaFE [0.00%],
                  | 0/1328x MiDe [0.00%], 0/1331x TrAE [0.00%], 0/1331x MfFE
                  | [0.00%], 0/1343x VpHu [0.00%], 0/1354x BaAE [0.00%],
                  | 0/1355x MfEE
    34 | D:5      | beem: [0.00%], 0/1375x HOVM [0.00%], 0/1407x NaDe [0.00%],
                  | 0/1413x GrAE [0.00%], 0/1422x MiEn [0.00%], 0/1439x DDCj
                  | [0.00%], 0/1445x HaIE [0.00%], 0/1445x VSHu [0.00%],
                  | 0/1449x DDWz [0.00%], 0/1450x FoAE [0.00%], 0/1454x TrVM
                  | [0.00%], 0/1471x TrEn [0.00%], 0/1487x GhAE [0.00%],
                  | 0/1501x BaAK [0.00%], 0/1501x GhCj [0.00%], 0/1522x TrDe
                  | [0.00%], 0/1538x GhAr [0.00%], 0/1583x TrSu [0.00%],
                  | 0/1585x SpIE
    34 | D:5      | beem: [0.00%], 0/1589x TrIE [0.00%], 0/1593x GhHu [0.00%],
                  | 0/1630x MfCj [0.00%], 0/1657x MiAM [0.00%], 0/1660x VSAM
                  | [0.00%], 0/1679x MiCj [0.00%], 0/1696x HOIE [0.00%],
                  | 0/1698x MiEE [0.00%], 0/1703x TrFE [0.00%], 0/1715x MfAr
                  | [0.00%], 0/1746x VSFE [0.00%], 0/1748x FeDe [0.00%],
                  | 0/1750x HOBr [0.00%], 0/1767x BaVM [0.00%], 0/1783x BaWz
                  | [0.00%], 0/1787x MiBr [0.00%], 0/1809x FoFE [0.00%],
                  | 0/1810x MiSu
    34 | D:5      | beem: [0.00%], 0/1818x FoCj [0.00%], 0/1819x HOTm [0.00%],
                  | 0/1840x HaTm [0.00%], 0/1845x GnAE [0.00%], 0/1884x TrCj
                  | [0.00%], 0/1903x MiAE [0.00%], 0/1913x HOAE [0.00%],
                  | 0/1925x MiVM [0.00%], 0/1936x GrEn [0.00%], 0/1943x GrNe
                  | [0.00%], 0/1951x MfAE [0.00%], 0/1960x DDDe [0.00%],
                  | 0/1970x GhBr [0.00%], 0/1971x DrAM [0.00%], 0/2024x FoSu
                  | [0.00%], 0/2029x MiFE [0.00%], 0/2045x SpSu [0.00%],
                  | 0/2045x GhEn
    36 | D:5      | beem: [0.00%], 0/2049x SpFE [0.00%], 0/2054x DgAM [0.00%],
                  | 0/2056x GrAr [0.00%], 0/2056x VpAE [0.00%], 0/2066x VpAr
                  | [0.00%], 0/2089x BaWr [0.00%], 0/2089x GrWr [0.00%],
                  | 0/2129x HOEn [0.00%], 0/2137x FoBr [0.00%], 0/2148x DDWr
                  | [0.0...
    42 | D:5      | HP: 7/18 [shadow imp (6)]
    47 | D:5      | HP: 4/18 [shadow imp (1)]
    53 | D:5      | Reached skill level 2 in Maces & Flails
   302 | D:6      | Noticed an orc priest
   310 | D:6      | HP: 7/18 [hound zombie (4)]
   558 | D:6      | Noticed a jelly
   563 | D:6      | Reached XP level 2. HP: 24/24 MP: 2/2
   568 | D:6      | HP: 12/24 [orc/+0 trident (2)]
   575 | D:6      | HP: 8/24 [acid (4)]
   576 | D:6      | HP: 3/24 [acid (5)]
   577 | D:6      | Splashed by a jelly's acid

Vanquished Creatures
  A shadow imp (D:5)
  3 orcs (D:6)
4 creatures vanquished.

Vanquished Creatures (others)
  A butterfly (D:5)
  3 plants (D:5)
  3 withered plants (D:5)
7 creatures vanquished.

Grand Total: 11 creatures vanquished

Table legend: (Time is in decaauts)
 A = Elapsed time spent in this place.
 B = Non-inter-level travel time spent in this place.
 C = Inter-level travel time spent in this place.
 D = Time resting spent in this place.
 E = Time spent auto-exploring this place.
 F = Levels seen in this place.
 G = Mean time per level.
                   A        B        C        D        E       F      G
               +--------+--------+--------+--------+--------+-----+--------+
         Total |    590 |    590 |      0 |    467 |      7 |   2 |  295.0 |
       Dungeon |    590 |    590 |      0 |    467 |      7 |   2 |  295.0 |
               +--------+--------+--------+--------+--------+-----+--------+

Top non-repeatable levels by time:
     D:5: 547 daAuts
     D:6: 43 daAuts
